 Dungeon Crawl Stone Soup version 0.29.0-4-gdea44cf6ec (webtiles) character file.

Game seed: 8878614200770809676

84 Plasmagod the Chopper (level 4, -13/39 HPs)
             Began as a Hill Orc Monk on Aug 27, 2022.
             Killed by divine providence
             ... invoked by an orc priest
              (15 damage)
             ... on level 3 of the Dungeon.
             The game lasted 00:02:55 (2415 turns).

Plasmagod the Chopper (Hill Orc Monk)               Turns: 2415, Time: 00:02:55

Health: -13/39     AC: 12    Str: 15    XL:     4   Next: 46%
Magic:  4/4        EV:  4    Int: 10    God:
Gold:   78         SH:  0    Dex: 13    Spells: 3/3 levels left

rFire   . . .      SeeInvis .   a - +0 hand axe
rCold   . . .      Faith    .   (no shield)
rNeg    . . .      Spirit   .   o - +0 plate armour
rPois   .          Reflect  .   (no helmet)
rElec   .          Harm     .   m - +0 cloak
rCorr   .          Rampage  .   p - +0 pair of gloves
Will    .....                   (no boots)
Stlth   ..........              (no amulet)
HPRegen 0.13/turn               (no ring)
MPRegen 0.09/turn               (no ring)

@: confused
A: no striking features
a: Convert to Beogh


You were on level 3 of the Dungeon.
You visited 1 branch of the dungeon, and saw 3 of its levels.

You collected 78 gold pieces.

Inventory:

Hand Weapons
 a - a +0 hand axe (weapon)
Armour
 m - a +0 cloak (worn)
 o - a +0 plate armour (worn)
 p - a +0 pair of gloves (worn)
Jewellery
 h - a +4 ring of protection
 i - a +6 ring of dexterity
Scrolls
 d - 3 scrolls of identify {unknown}
 e - a scroll of magic mapping {unknown}
 g - a scroll of vulnerability {unknown}
 j - a scroll of enchant weapon {unknown}
 l - a scroll of teleportation {unknown}
 q - 2 scrolls of blinking {unknown}
Potions
 b - 3 potions of might {unknown}
 c - a potion of ambrosia
 f - a potion of mutation {unknown}
 k - a potion of haste {unknown}
 n - a potion of heal wounds {unknown}
 r - a potion of curing {unknown}


   Skills:
 - Level 3.6 Fighting
 + Level 6.8 Axes
 - Level 2.4 Dodging
 - Level 1.5 Stealth


You had 3 spell levels left.
You didn't know any spells.
Your spell library contained the following spells:

 Spells                   Type           Power      Damage    Failure   Level
 Magic Dart               Conj           0%         1d3       100%        1
 Sandblast                Erth           0%         2d4       100%        1
 Call Imp                 Summ           0%         N/A       100%        2
 Passwall                 Tmut/Erth      0%         N/A       100%        2
 Mephitic Cloud           Conj/Pois/Air  0%         N/A       100%        3
 Stone Arrow              Conj/Erth      0%         3d7       100%        3
 Animate Armour           Summ/Erth      0%         N/A       100%        4
 Blade Hands              Tmut           0%         N/A       100%        5
 Iron Shot                Conj/Erth      0%         9d1       100%        6


Dungeon Overview and Level Annotations

Branches:
Dungeon (3/15)

Altars:


Message History

The orc barely misses you.
The orc priest looks braver for a moment.
You closely miss the orc.
You feel sick.
You are no longer poisoned.
The orc hits you but does no damage.
An orc wizard comes into view. It is wielding a +0 dagger.
You hit the orc but do no damage. The orc hits you but does no damage.
You hit the orc but do no damage.
The orc priest mumbles some strange prayers to Beogh against you.
Beogh smites you!
You hit the orc.
The orc is almost dead.
The orc barely misses you.
You hit the orc.
You kill the orc!
The orc wizard casts a spell.
The orc wizard flickers and vanishes!
Deactivating autopickup; reactivate with Ctrl-A.
You closely miss the orc priest.
The orc priest shouts, "Surrender to Beogh and we'll let you live!"
The orc priest hits you with a +0 hand axe.
You slash the orc priest!
The orc priest shouts, "Join the one true god or die!"
The orc priest is heavily wounded.
The orc priest looks braver for a moment.
You hit the orc priest.
The orc priest shouts, "Join the one true god or die!"
The orc priest is almost dead.
You closely miss something.
The orc priest calls down the wrath of Beogh upon you.
Beogh smites you!
* * * LOW HITPOINT WARNING * * *
You hear some strange, mumbled words.
You are confused.
You miss the orc priest.
The orc priest is almost dead.
You barely miss something.
The orc priest mumbles some strange prayers to Beogh against you.
Beogh smites you!
You die...

.#.####...# #.##.#
##. .........###.##.#
#.
..####...†......####.
#............#.......
.....#..###..##......
#.##.#..# #..########
# #.#.)###..#
#.##.....##..#
#...@........#
#..o).........
#..#........##
#..#.....#### ...
.$###.# ###..##. (..
. . .### ~. .


You could see an orc priest.

Vanquished Creatures
  A gnoll (D:1)
  An adder (D:2)
  2 worms
  2 dart slugs
  2 orcs
  6 ball pythons
  7 endoplasms
  4 giant cockroaches
  7 goblins
  A hobgoblin (D:2)
  A quokka (D:1)
  3 bats
  4 frilled lizards
  6 kobolds
  8 rats
55 creatures vanquished.

Vanquished Creatures (others)
  13 plants (D:2)
13 creatures vanquished.

Grand Total: 68 creatures vanquished

Notes
Turn   | Place    | Note
-------+----------+-------------------------------------------
     0 | D:1      | Plasmagod the Hill Orc Monk began the quest for the Orb.
     0 | D:1      | Reached XP level 1. HP: 19/19 MP: 1/1
   126 | D:1      | Reached XP level 2. HP: 20/26 MP: 2/2
   352 | D:1      | Reached skill level 5 in Axes
   525 | D:1      | Reached XP level 3. HP: 12/31 MP: 3/3
  1374 | D:2      | Reached skill level 6 in Axes
  1852 | D:2      | Reached XP level 4. HP: 39/39 MP: 4/4
  2415 | D:3      | Killed from afar by an orc priest

Illustrated notes

Levels and vault maps discovered:
D:1:      wheals_arrival_shading, layout_basic
D:2:      layout_loops_ring, serial_bayou_pond_c, dreamdust_mushroom_princess,
          minmay_small_reverse_x
D:3:      layout_loops_ring, minmay_crystal_water

Skill      XL: |  1  2  3 |
---------------+----------+-----
Axes           | 5 6 |  6.8
Fighting       | |  3.6
Dodging        | |  2.4
Stealth        | |  1.5

Action                   |  1- 3 |  4- 6 || total
-------------------------+-------+-------++-------
Melee: Hand axe          |   121 |    57 ||   178
       Punch             |     1 |       ||     1
 Stab: Sleeping          |     3 |       ||     3
Armor: Robe              |    18 |       ||    18
       Plate armour      |    16 |    38 ||    54
Dodge: Dodged            |    48 |     9 ||    57
